 Dungeon Crawl Stone Soup version 0.28.0-49-g6dfe1f597d (webtiles) character file.

Game seed: 11869241139355280952

73 pkoi the Ruffian (level 3, 0/30 HPs)
             Began as a Demigod Gladiator on May 17, 2022.
             Succumbed to an adder's poison
             ... on level 2 of the Dungeon.
             The game lasted 00:02:17 (3231 turns).

pkoi the Ruffian (Demigod Gladiator)                Turns: 3231, Time: 00:02:17

Health: 0/30       AC:  6    Str: 19    XL:     3   Next: 83%
Magic:  5/5        EV: 11    Int: 10    God:
Gold:   59         SH:  0    Dex: 15    Spells: 2/2 levels left

rFire   . . .      SeeInvis .     - Unarmed
rCold   . . .      Faith    .   (no shield)
rNeg    . . .      Spirit   .   o - +0 ring mail
rPois   .          Reflect  .   b - +0 helmet
rElec   .          Harm     .   (no cloak)
rCorr   .          Rampage  .   (no gloves)
Will    .....                   (no boots)
Stlth   +.........              (no amulet)
HPRegen 0.10/turn               (no ring)
MPRegen 0.09/turn               (no ring)

@: lethally poisoned (0 -> -5), hasted, very quick
A: high MP 1, forlorn, divine attributes
a: no special abilities


You were on level 2 of the Dungeon.
You visited 1 branch of the dungeon, and saw 3 of its levels.

You collected 59 gold pieces.

Inventory:

Missiles
 c - 3 throwing nets (quivered)
 n - 6 poisoned darts
Armour
 a - a +0 leather armour
 b - a +0 helmet (worn)
 o - a +0 ring mail (worn)
Scrolls
 f - a scroll of fog {unknown}
 g - a scroll of silence {unknown}
 i - a scroll of vulnerability {unknown}
 k - 2 scrolls of enchant weapon {unknown}
 m - a scroll of immolation {unknown}
 p - a scroll of fear {unknown}
 q - a scroll of teleportation {unknown}
Potions
 d - a potion of brilliance {unknown}
 e - a potion of haste
 h - a potion of resistance {unknown}
 j - 2 potions of heal wounds {unknown}
 l - a potion of might {unknown}


   Skills:
 + Level 2.6 Fighting
 - Level 1.7 Throwing
 - Level 2.6 Dodging
 * Level 4.0 Unarmed Combat


You had 2 spell levels left.
You didn't know any spells.
Your spell library was empty.

Dungeon Overview and Level Annotations

Branches:
Dungeon (3/15)

Shops:
D:2 (   D:3 :

Annotations:
D:3 Terence


Innate Abilities, Weirdness & Mutations

You have an increased reservoir of magic. (+10% MP)
You shall have no god before yourself.
Your divine heritage dramatically boosts your attributes as you level up.


Message History

You barely miss the adder. The adder bites you but does no damage.
The adder completely misses you.
You barely miss the adder. The adder barely misses you.
You closely miss the adder. The adder bites you.
* * * LOW HITPOINT WARNING * * *
You are poisoned.
The adder poisons you!
You closely miss the adder.
You feel sick. The adder barely misses you.
You miss the adder.
You feel sick. The adder bites you.
* * * LOW HITPOINT WARNING * * *
You are more poisoned.
The adder poisons you! The adder bites you but does no damage.
You closely miss the adder.
You feel sick. The adder barely misses you.
You hit the adder.
The adder is moderately wounded.
You feel sick. The adder barely misses you.
You hit the adder.
The adder is severely wounded.
You feel sick. The adder bites you but does no damage.
The adder closely misses you.
You miss the adder.
The adder is severely wounded.
You feel sick. The adder bites you.
* * * LOW HITPOINT WARNING * * *
You hit the adder but do no damage.
The adder is severely wounded.
You feel sick. The adder bites you but does no damage.
You hit the adder.
The adder is almost dead.
You feel sick. The adder bites you.
* * * LOW HITPOINT WARNING * * *
You are more poisoned.
The adder poisons you!
You barely miss the adder.
The adder is almost dead.
* * * LOW HITPOINT WARNING * * *
You feel sick. The adder completely misses you.
Unknown command.
It was a potion of haste.
You feel yourself speed up.
You die...

......).......# #...#
.....######...# #...#
.....# #.##########...#
##.### ###.####.........#
##.######........###.#...#
...........########..#...#
##.#######.# #>)..##...#
##.## #.# ##S#####...#
#..## #.####.@# #####
##..## #......##
####..####..#####
............#
.####.###.### ## #.###.#
#.)##.# ##..#.# # ##...#


You could see an adder.

Vanquished Creatures
  An adder (D:1)
  2 worms (D:2)
  3 dart slugs
  2 orcs (D:2)
  4 bats
  6 endoplasms
  A giant cockroach (D:1)
  5 hobgoblins
  3 jackals (D:1)
  5 quokkas (D:1)
  5 frilled lizards (D:1)
  4 goblins
  2 kobolds
  2 rats (D:1)
45 creatures vanquished.

Notes
Turn   | Place    | Note
-------+----------+-------------------------------------------
     0 | D:1      | pkoi the Demigod Gladiator began the quest for the Orb.
     0 | D:1      | Reached XP level 1. HP: 17/17 MP: 3/3
   107 | D:1      | Reached skill level 3 in Unarmed Combat
   129 | D:1      | Reached XP level 2. HP: 13/24 MP: 4/4
  1680 | D:2      | Reached XP level 3. HP: 12/30 MP: 5/5
  2747 | D:2      | Reached skill level 4 in Unarmed Combat
  2943 | D:2      | Found Woff's Antique Weapon Boutique.
  2975 | D:3      | Noticed Terence
  3017 | D:3      | Found Uduluup's Book Emporium.
  3230 | D:2      | HP: 1/30 [poisoned by an adder]
  3231 | D:2      | Succumbed to an adder's poison

Illustrated notes

Levels and vault maps discovered:
D:1:      erik_arrival_triangle_medium, layout_loops_ring, serial_glass,
          glass_columns_b, glass_columns_a,
          hellmonk_ecumenical_altar_inner_sanctum, minmay_heptomino_l4
D:2:      layout_rooms, serial_shops, nicolae_shop_crystal,
          serial_park_tiny_pond
D:3:      layout_loops_ring, overflow_temple_1_default, serial_shops, shop,
          uniq_terence

Skill      XL: |  1  2  3 |
---------------+----------+-----
Unarmed Combat | 3 4 |  4.0
Fighting       | 2 |  2.6
Throwing       | |  1.7
Dodging        | |  2.6

Action                   || total
-------------------------++-------
Melee: Unarmed           ||   233
       Punch             ||     5
  Use: Potion            ||     1
 Stab: Sleeping          ||     1
Armor: Leather armour    ||    33
       Ring mail         ||    59
Dodge: Dodged            ||   154
